 Dungeon Crawl Stone Soup version 0.30-a0-21-g5d08c37080 (webtiles) character file.

Game seed: 7802039893077671418

98 Plasmagod the Slasher (level 4, -1/23 HPs)
             Began as a Vine Stalker Fighter on Aug 24, 2022.
             Succumbed to Robin's poison
             ... on level 3 of the Dungeon.
             The game lasted 00:02:31 (2298 turns).

Plasmagod the Slasher (Vine Stalker Fighter)        Turns: 2298, Time: 00:02:31

Health: -1/23      AC:  7    Str: 18    XL:     4   Next: 69%
Magic:  1/5        EV:  9    Int:  8    God:
Gold:   113        SH:  5    Dex: 16    Spells: 3/3 levels left

rFire   . . .      SeeInvis .    a - +0 long sword
rCold   . . .      Faith    .    c - +0 buckler
rNeg    . . .      Spirit   +    b - +0 scale mail
rPois   .          Reflect  .    (no helmet)
rElec   .          Harm     .    (no cloak)
rCorr   .          Rampage  .    g - +0 pair of gloves
Will    .....                    (no boots)
Stlth   ..........               (no amulet)
HPRegen 0.87/turn                (no ring)
MPRegen 0.09/turn                (no ring)

@: lethally poisoned (-1 -> -10)
A: fangs 2, regeneration 1, magic shield, antimagic bite, no potion heal 2
a: no special abilities


You were on level 3 of the Dungeon.
You visited 1 branch of the dungeon, and saw 3 of its levels.

You collected 113 gold pieces.

Inventory:

Hand Weapons
 a - a +0 long sword (weapon)
Armour
 b - a +0 scale mail (worn)
 c - a +0 buckler (worn)
 g - a +0 pair of gloves (worn)
Scrolls
 h - a scroll of summoning {unknown}
 i - a scroll of teleportation {unknown}
 j - a scroll of identify {unknown}
 k - 2 scrolls of magic mapping {unknown}
 p - a scroll of silence {unknown}
 q - a scroll of amnesia {unknown}
Potions
 d - a potion of might
 e - a potion of attraction {unknown}
 f - 2 potions of flight {unknown}
 l - a potion of brilliance {unknown}
 m - a potion of ambrosia {unknown}
 n - 2 potions of lignification {unknown}
 o - a potion of haste {unknown}


   Skills:
 - Level 2.6 Fighting
 + Level 4.3 Long Blades
 - Level 2.4 Armour
 - Level 2.6 Shields


You had 3 spell levels left.
You didn't know any spells.
Your spell library contained the following spells:

 Spells                   Type           Power      Damage    Failure   Level
 Ozocubu's Armour         Ice            0%         N/A       99%         3
 Ozocubu's Refrigeration  Ice            0%         4d7       100%        7


Dungeon Overview and Level Annotations

Branches:
Dungeon (3/15)

Altars:

Annotations:
D:3 Robin


Innate Abilities, Weirdness & Mutations

You have extremely sharp teeth.
Your natural rate of healing is unusually fast.
When hurt, damage is shared between your health and your magic reserves.
Your bite disrupts and absorbs the magic of your enemies.
Potions cannot restore your health.


Message History

The hobgoblin hits you but does no damage.
You closely miss the hobgoblin. You bite the hobgoblin.
You kill the hobgoblin!
You feel very sick. Robin throws the goblin at you!
The goblin hits you but does no damage.
A goblin comes into view. It is wielding a +0 dagger.
The goblin shouts!
You hit the goblin. Your bite misses the goblin.
The goblin is heavily wounded.
You feel sick. Robin barely misses you. The goblin hits you with a +0 club.
The goblin hits you but does no damage.
You hit the goblin. Your bite misses the goblin.
The goblin is almost dead.
You feel sick. The goblin closely misses you.
The goblin hits you but does no damage.
You hit the goblin.
You kill the goblin!
You feel sick. Robin barely misses you. The goblin closely misses you.
Robin hits you from afar with a +1 spear of venom.
The goblin hits you but does no damage.
You slash the goblin!
You kill the goblin!
You feel sick. Robin throws the goblin at you! The goblin barely misses you.
You barely miss the goblin.
You feel sick. Robin hits you but does no damage.
You are more poisoned.
The hobgoblin closely misses you. You block the goblin's attack.
You miss the goblin.
You feel sick.
Robin hits you from afar with a +1 spear of venom.
You are more poisoned.
The hobgoblin hits you but does no damage.
The goblin misses you.
You slash the goblin!
You kill the goblin!
You feel very sick.
Robin hits you from afar with a +1 spear of venom.
* * * LOW HITPOINT WARNING * * *
You are lethally poisoned!
The hobgoblin hits you from afar with a +0 spear.
* * * LOW HITPOINT WARNING * * *
You die... .# ... .# # . #g# .##.#... gg# ........ #g# ........ #g## ##.....# #gg

##...#.# #)# ##.#...#
#.# #.# .......####.#
#@# ...##....##.# #.#
#..##.##.##.# #.#
#..##.##.##.# ##.#
#.###.##.##.# #..# ..#
#.##.##.# #.## ###
#.##.##.###.####### ..#
#.#...............#
#.###.#................


You could see Robin, 2 hobgoblins and 4 goblins.

Vanquished Creatures
  A gnoll (D:1)
  3 adders (D:2)
  A worm (D:2)
  2 dart slugs
  8 bats
  2 endoplasms (D:1)
  A giant cockroach (D:1)
  8 goblins
  10 hobgoblins
  2 jackals (D:1)
  3 kobolds
  3 quokkas
  A ball python (D:2)
  3 frilled lizards (D:1)
  2 rats (D:1)
50 creatures vanquished.

Notes
Turn   | Place    | Note
-------+----------+-------------------------------------------
     0 | D:1      | Plasmagod the Vine Stalker Fighter began the quest for the
                  | Orb.
     0 | D:1      | Reached XP level 1. HP: 11/11 MP: 2/2
    22 | D:1      | Reached skill level 2 in Long Blades
    24 | D:1      | Found a faded altar of an unknown god.
   267 | D:1      | Reached XP level 2. HP: 14/16 MP: 1/3
   616 | D:1      | Reached skill level 3 in Long Blades
   808 | D:1      | Reached XP level 3. HP: 19/19 MP: 4/4
  1477 | D:2      | Gained mutation: Your natural rate of healing is unusually
                  | fast. [Vine Stalker growth]
  1477 | D:2      | Reached XP level 4. HP: 23/23 MP: 5/5
  1579 | D:2      | Reached skill level 4 in Long Blades
  2285 | D:3      | Noticed Robin
  2298 | D:3      | Succumbed to Robin's poison

Illustrated notes

Levels and vault maps discovered:
D:1:      beargit_arrival_diablo_church, layout_loops_ring,
          chequers_ecumenical_altar_simple, st_stairs_9, minmay_box_of_dots
D:2:      layout_loops_cross, small_statue_intersection
D:3:      layout_loops_ring, chequers_temple_overflow_minitemple,
          minmay_stone_trees_small, uniq_robin

Skill      XL: |  1  2  3  4 |
---------------+-------------+-----
Long Blades    | 2 3 4 |  4.3
Fighting       | |  2.6
Armour         | |  2.4
Shields        | |  2.6

Action                   |  1- 3 |  4- 6 || total
-------------------------+-------+-------++-------
Melee: Long sword        |    95 |    51 ||   146
       Bite              |    15 |     8 ||    23
Armor: Scale mail        |    51 |    24 ||    75
Dodge: Dodged            |    38 |    34 ||    72
Block: Buckler           |    24 |    11 ||    35

Table legend: (Time is in decaauts)
 A = Elapsed time spent in this place.
 B = Non-inter-level travel time spent in this place.
 C = Inter-level travel time spent in this place.
 D = Time resting spent in this place.
 E = Time spent auto-exploring this place.
 F = Levels seen in this place.
 G = Mean time per level.
                   A        B        C        D        E       F      G
               +--------+--------+--------+--------+--------+-----+--------+
         Total |   2338 |   2292 |     46 |      0 |   1923 |   3 |  779.3 |
       Dungeon |   2338 |   2292 |     46 |      0 |   1923 |   3 |  779.3 |
               +--------+--------+--------+--------+--------+-----+--------+

Top non-repeatable levels by time:
     D:1: 1454 daAuts
     D:2: 621 daAuts
     D:3: 261 daAuts
